[Event "Early-Titled-Tuesday-Blitz-July-09-2024"]
[Site "Chess.com"]
[Date "2024.07.09"]
[Round "10"]
[White "MarlonJodar"]
[Black "Szachulec75"]
[Result "0-1"]
[WhiteElo "2356"]
[BlackElo "2256"]
[TimeControl "180+1"]
[EndTime "9:57:26 PDT"]
[Termination "Szachulec75 won on time"]

1. e4 d6 2. d4 Nf6 3. Nc3 c6 4. Nf3 Bg4 5. Be2 Nbd7 6. O-O e5 7. Be3 Be7 8. a4 O-O 9. Re1 Qc7 10. h3 Bxf3 11. Bxf3 Rfe8 12. dxe5 Nxe5 13. Be2 Bf8 14. f4 Ned7 15. Bf3 Nb6 16. Qd3 Nfd7 17. a5 Nc8 18. Qf1 Ne7 19. Qc4 Ng6 20. Nb5 Qb8 21. Nd4 Nf6 22. Nf5 d5 23. exd5 Nxd5 24. Bxd5 cxd5 25. Qxd5 Nxf4 26. Qf3 Ng6 27. Rad1 Qc7 28. Kh1 Rad8 29.
Bd4 Rxe1+ 30. Rxe1 Qxa5 31. c3 a6 32. Rf1 Qd5 33. Qg3 f6 34. h4 Ne5 35. Nh6+ Kh8 36. Bxe5 fxe5 37. Qxe5 Qxe5 38. Nf7+ Kg8 39. Nxe5 Rd2 40.
b4 Rc2 41. c4 Bxb4 42. g4 h6 43. g5 hxg5 44. hxg5 Bd6 45. Nf7 Bc7 46. g6 Rh2+ 47. Kg1 Rh4 0-1

[Event "Early-Titled-Tuesday-Blitz-July-09-2024"]
[Site "Chess.com"]
[Date "2024.07.09"]
[Round "10"]
[White "amylazy"]
[Black "AlexandraSamaganova"]
[Result "1-0"]
[WhiteElo "2495"]
[BlackElo "2371"]
[TimeControl "180+1"]
[EndTime "9:57:27 PDT"]
[Termination "amylazy won by checkmate"]

1. d4 Nf6 2. Nf3 e6 3. e3 b6 4. Bd3 Bb7 5. O-O Be7 6. c4 O-O 7. Nc3 d5 8. b3 c5 9. cxd5 Nxd5 10.
Bb2 Nd7 11. Rc1 N7f6 12. Nxd5 Bxd5 13. Re1 cxd4 14. Nxd4 Bb4 15. Rf1 Rc8 16. Qe2 Qe7 17.
Bb1 Bd6 18. Nb5 Bb8 19. Ba3 Qb7 20. Bxf8 Rxf8 21. f3 a6 22. Nc3 Bc6 23. Qf2 b5 24. Qh4 h6 25. Ne4 Nd5 26. Nc5 Qb6 27. Qf2 Ba8 28.
e4 Qd6 29. g3 Nf6 30. Rfd1 Qb6 31. Nd7 Nxd7 32. Rxd7 Qa5 33. Kg2 Be5 34. Qd2 b4 35. Rd1 Bc3 36. Qd3 Bc6 37. Rd8 Rxd8 38. Qxd8+ Qxd8 39. Rxd8+ Kh7 40. Rc8 Bb5 41. Rc7 Kg6 42.
e5+ Kg5 43. Rxf7 g6 44. h4+ Kh5 45. Rg7 g5 46. Bg6# 1-0

[Event "Early-Titled-Tuesday-Blitz-July-09-2024"]
[Site "Chess.com"]
[Date "2024.07.09"]
[Round "10"]
[White "el008"]
[Black "Mysterio47"]
[Result "1/2-1/2"]
[WhiteElo "2566"]
[BlackElo "2753"]
[TimeControl "180+1"]
[EndTime "9:57:28 PDT"]
[Termination "Game drawn by repetition"]

1. e4 d6 2. d4 Nf6 3. Nc3 e6 4. f4 Nc6 5. Nf3 d5 6. e5 Ne4 7. Bd3 Bb4 8. Bd2 Bxc3 9. bxc3 Ne7 10. c4 Nxd2 11. Qxd2 dxc4 12. Bxc4 O-O 13. h4 c5 14. dxc5 Qc7 15. Qf2 b6 16. O-O Bb7 17. Bd3 Bxf3 18. cxb6 axb6 19. Qxf3 Qc5+ 20. Kh2 Ra3 21. Qe4 g6 22.
Rf3 Nf5 23. h5 Rd8 24. hxg6 hxg6 25. g4 Rd4 26. Qe1 Ne7 27. Kg3 Nd5 28. Qd2 Raa4 29.
Raf1 Nxf4 30. Rxf4 Qxe5 31. Qe2 Rxd3+ 32. Qxd3 Rxf4 33.
Rxf4 g5 34. Qd2 gxf4+ 35. Qxf4 Qc3+ 36. Kh4 Qxc2 37. Qb8+ Kg7 38. Qe5+ Kh7 39. Kg3 Qd3+ 40. Kf4 Qd2+ 41. Kg3 Qd5 42. Qe3 b5 43. Qg1 Kg7 44.
Kh4 Qxa2 45. Qd4+ Kg8 46. Qd8+ Kh7 47. Qd3+ Kg7 48. Qd4+ Kh7 49. Qd3+ Kg7 50. Qd4+ 1/2-1/2

[Event "Early-Titled-Tuesday-Blitz-July-09-2024"]
[Site "Chess.com"]
[Date "2024.07.09"]
[Round "10"]
[White "ShahMatKanal"]
[Black "Goryachkina"]
[Result "0-1"]
[WhiteElo "2567"]
[BlackElo "2689"]
[TimeControl "180+1"]
[EndTime "9:57:28 PDT"]
[Termination "Goryachkina won on time"]

1. d4 Nf6 2. Nf3 d5 3. c4 e6 4. Nc3 Nbd7 5. cxd5 exd5 6. Bg5 c6 7. e3 h6 8. Bh4 Be7 9. Bd3 O-O 10. O-O Ne4 11. Bxe7 Qxe7 12. Bxe4 dxe4 13. Nd2 f5 14. Rb1 Nf6 15. Nc4 Ng4 16. h3 Be6 17. Qe2 Nf6 18.
Ne5 Kh7 19. b4 a5 20. b5 c5 21. Rfd1 cxd4 22. exd4 Rac8 23. Na4 Nd5 24. Rdc1 Nf4 25. Qf1 Qg5 26. g3 Nxh3+ 27. Kh2 Rxc1 28. Rxc1 Nxf2 29.
Nc5 Bc8 30. Rc3 Ng4+ 31. Nxg4 Qxg4 32. Qf4 Qe2+ 33. Kh3 Qe1 34. Rc1 Qe2 35. d5 e3 36.
Ne6 Bxe6 37. dxe6 Qh5+ 38. Kg2 e2 39. Re1 Re8 40. Qe5 Qg6 41. Rxe2 Re7 42. Kf3 Qg4+ 43. Kg2 Qg5 44. Kf3 Kg6 45. Kf2 Qf6 46. Kf3 Qxe5 47. Rxe5 Kf6 48. Kf4 g5+ 0-1

[Event "Early-Titled-Tuesday-Blitz-July-09-2024"]
[Site "Chess.com"]
[Date "2024.07.09"]
[Round "10"]
[White "sathvikadiga"]
[Black "JosefineHeinemann"]
[Result "1-0"]
[WhiteElo "2668"]
[BlackElo "2523"]
[TimeControl "180+1"]
[EndTime "9:57:28 PDT"]
[Termination "sathvikadiga won by resignation"]

1. e4 e5 2. Nf3 Nc6 3. Bc4 Bc5 4.
c3 Nf6 5. d3 d6 6. O-O a5 7. Re1 h6 8. h3 O-O 9. Nbd2 a4 10. Bb5 Bd7 11. Nf1 Ne7 12. Bxd7 Nxd7 13.
d4 Bb6 14. Ng3 f5 15. dxe5 f4 16. Nf5 Nxf5 17. exf5 Nxe5 18. Nd4 Qh4 19. Re4 g5 20.
fxg6 Nxg6 21. Qg4 Qxg4 22. hxg4 Bxd4 23. Rxd4 Kg7 24. f3 Rae8 25. Bd2 b5 26. Kf2 Re6 27. Re1 Rxe1 28. Kxe1 Rf6 29. Kf2 Kf7 30. c4 c5 31. Re4 b4 32. g3 fxg3+ 33. Kxg3 Re6 34. Rxe6 Kxe6 35. f4 Kf7 36. Kf3 b3 37. axb3 axb3 38. Ke4 Ne7 39. f5 Kg7 40. Bf4 Nc6 41. Bxd6 Na5 42. Kd5 Kf6 43. Bxc5 h5 44. gxh5 Kxf5 45. Be3 Kf6 46. c5 Ke7 47. c6 1-0

[Event "Early-Titled-Tuesday-Blitz-July-09-2024"]
[Site "Chess.com"]
[Date "2024.07.09"]
[Round "10"]
[White "Resignify"]
[Black "pinelone"]
[Result "0-1"]
[WhiteElo "2249"]
[BlackElo "2370"]
[TimeControl "180+1"]
[EndTime "9:57:28 PDT"]
[Termination "pinelone won on time"]

1. e4 c6 2. d4 d5 3. Nd2 dxe4 4. Nxe4 Nf6 5. Nxf6+ exf6 6. c3 Bd6 7. Bd3 O-O 8. Qc2 Re8+ 9. Ne2 h5 10. Be3 Na6 11.
Ng3 Nc7 12. O-O-O Nd5 13. Bd2 Nf4 14. Bh7+ Kf8 15. Bxf4 Bxf4+ 16. Kb1 h4 17. Nf1 g6 18.
Bxg6 fxg6 19. Qxg6 Qe7 20. g3 Bd6 21. Nd2 Qg7 22. Qh5 Bg4 23. Qxh4 Bxd1 24. Rxd1 Re7 25. Ne4 Bc7 26. Nxf6 Rf7 27. Ng4 Qh7+ 28. Qxh7 Rxh7 29. f4 Re8 30. Rd2 Re1+ 31. Kc2 Ke7 32. a3 Ke6 33.
Kd3 Rh1 34. Rf2 Kf5 35. Ne3+ Kf6 36. f5 Kg5 37. h4+ Kf6 38. Ng4+ Kf7 39. Ne5+ Kf6 40. Ng4+ Ke7 41. f6+ Kf7 42. Ne5+ Bxe5 43. dxe5 Re1 44. Rf5 Rh8 45. Kd4 Rd8+ 46. Kc4 Re8 47. Kd4 Rd1+ 48.
Ke4 Rd5 0-1

[Event "Early-Titled-Tuesday-Blitz-July-09-2024"]
[Site "Chess.com"]
[Date "2024.07.09"]
[Round "10"]
[White "zacachess"]
[Black "JJDAREK"]
[Result "1-0"]
[WhiteElo "2483"]
[BlackElo "2359"]
[TimeControl "180+1"]
[EndTime "9:57:30 PDT"]
[Termination "zacachess won on time"]

1. e4 g6 2. d4 d6 3. Nc3 Bg7 4. f4 a6 5. Nf3 b5 6. Bd3 Nd7 7. e5 Nh6 8. Ne4 O-O 9. O-O c5 10.
c3 cxd4 11. cxd4 Nb6 12. Qe2 Bf5 13. Bd2 Nd5 14. h3 Qb6 15. Kh2 f6 16. g4 Nxg4+ 17. hxg4 Bxg4 18. Nf2 Bxf3 19. Qxf3 Qxd4 20. Be4 e6 21.
Bxd5 exd5 22. Bc3 Qc5 23. Rad1 fxe5 24. Qxd5+ Qxd5 25. Rxd5 Rxf4 26. Kg2 Bf8 27. Bd2 Rf5 28.
Ne4 Rc8 29. Rc1 Rxc1 30. Bxc1 Rf4 31. Bxf4 exf4 32. Nxd6 g5 33. Kf3 h5 34. Ne4 Be7 35. Nxg5 Bxg5 36. Rxg5+ Kf7 37. Rxh5 Kf6 38. Rh4 Ke6 39.
Rxf4 Kd6 40. Ke4 Kc5 41. Kd3 Kc6 42. Rf6+ Kc5 43. Rxa6 Kb4 44. Rh6 Ka4 45. Kc2 b4 46.
Rh4 1-0

[Event "Early-Titled-Tuesday-Blitz-July-09-2024"]
[Site "Chess.com"]
[Date "2024.07.09"]
[Round "10"]
[White "Chessbard1972"]
[Black "GAO"]
[Result "1-0"]
[WhiteElo "2243"]
[BlackElo "2432"]
[TimeControl "180+1"]
[EndTime "9:57:30 PDT"]
[Termination "Chessbard1972 won by resignation"]

1. d4 Nf6 2. c4 e6 3. Nf3 d5 4.
Bg5 h6 5. Bh4 dxc4 6. Nc3 Bb4 7.
e4 g5 8. Nxg5 hxg5 9. Bxg5 Be7 10. Bxc4 Nxe4 11. Bxe7 Nxc3 12. Bxd8 Nxd1 13. Bf6 Nxb2 14.
Bxh8 Nxc4 15. Rc1 b5 16. a4 a6 17. h4 Ke7 18. h5 e5 19. h6 Bf5 20. h7 Nc6 21. Bg7 Bxh7 22. Rxh7 exd4 23. Rd1 Rd8 24. Rh6 Rd6 25. Rxd6 Nxd6 26. axb5 axb5 27. Bxd4 Nxd4 28.
Rxd4 c5 29. Rd1 b4 30. Rb1 Ke6 31. Kd2 Kd5 32. Kc2 Nb5 33. Kb3 Nd4+ 34. Ka4 f5 35. f3 Kc4 36. Rc1+ Kd5 37. g4 f4 38. g5 Nxf3 39.
g6 Nd4 40. g7 Ne2 41. g8=Q+ Kd4 42. Qd8+ Ke3 43. Rxc5 f3 44. Re5+ Kf2 45. Kxb4 Kg2 46. Rg5+ Kf1 47. Rf5 Kg2 48. Qd5 Ng1 49. Rg5+ Kf2 50.
Rxg1 Kxg1 51. Qxf3 Kh2 52. Kc3 Kg1 53. Kd2 Kh2 54. Ke2 Kg1 55. Ke1 Kh2 56. Qg4 Kh1 57. Kf2 1-0

[Event "Early-Titled-Tuesday-Blitz-July-09-2024"]
[Site "Chess.com"]
[Date "2024.07.09"]
[Round "10"]
[White "JoJoZP"]
[Black "urano56"]
[Result "0-1"]
[WhiteElo "2481"]
[BlackElo "2406"]
[TimeControl "180+1"]
[EndTime "9:57:31 PDT"]
[Termination "urano56 won by checkmate"]

1. Nf3 d5 2. c4 e6 3. g3 Nf6 4.
Bg2 Be7 5. O-O O-O 6. b3 b6 7.
Bb2 Bb7 8. cxd5 Nxd5 9. Nc3 Nxc3 10. Bxc3 Bf6 11. Qc2 c5 12. Rfd1 Na6 13. d4 cxd4 14.
Bxd4 Qe7 15. Bxf6 Qxf6 16. Ng5 Qxg5 17. Bxb7 Nb4 18. Qe4 Rab8 19. Rd7 Qf6 20. Rad1 Nxa2 21. Qc4 a5 22. Qc7 g6 23. Qxb6 Nc3 24. Re1 Qe5 25. e3 a4 26. bxa4 Nxa4 27. Qd4 Qxd4 28. Rxd4 Nc5 29. Bf3 Rfd8 30. Rc4 Nd7 31. Rd4 Ne5 32.
Rxd8+ Rxd8 33. Be2 Rd2 34. Kf1 g5 35. h3 Kg7 36.
Rc1 Rb2 37. Rc5 Kf6 38. f4 gxf4 39. gxf4 Nd7 40. Rh5 Nf8 41. Kf2 Kg6 42. Rg5+ Kf6 43. Kf3 Ng6 44. Bd3 h6 45. Rh5 Kg7 46. Rc5 Nh4+ 47. Kg3 Ng2 48. h4 Nxe3 49. Re5 Nd5 50. Be4 Rb3+ 51. Kg4 Nf6# 0-1

[Event "Early-Titled-Tuesday-Blitz-July-09-2024"]
[Site "Chess.com"]
[Date "2024.07.09"]
[Round "10"]
[White "esrosenberg"]
[Black "Cherepov_Alexej"]
[Result "0-1"]
[WhiteElo "2318"]
[BlackElo "2435"]
[TimeControl "180+1"]
[EndTime "9:57:31 PDT"]
[Termination "Cherepov_Alexej won by checkmate"]

1. e4 Nf6 2. e5 Nd5 3. d4 d6 4. c4 Nb6 5. f4 dxe5 6. fxe5 Nc6 7. Nf3 Bg4 8. Be3 e6 9. Nbd2 Be7 10. Be2 O-O 11.
O-O f6 12. h3 Bh5 13. g4 Bg6 14. a3 fxe5 15. dxe5 Bd3 16. Rc1 a5 17. Rc3 Bg6 18. Nb3 Nd7 19. Bd3 Ndxe5 20. Nxe5 Nxe5 21. Bxg6 Nxg6 22. Rd3 Qe8 23. Rxf8+ Qxf8 24. Bd4 a4 25. Nd2 Rd8 26. Ne4 Qf4 27. Qe2 Ne5 28. Bxe5 Qxe5 29.
Rxd8+ Bxd8 30. Nc3 Qxe2 31. Nxe2 Bf6 32. Nf4 Kf7 33. Nd3 Bd4+ 34. Kg2 Ke7 35. Kf3 Kd6 36. Ke4 Bf6 37. c5+ Kc6 38. g5 Bxg5 39. Ke5 Bf6+ 40. Kxe6 Kb5 41. Kd5 c6+ 42. Kd6 Kc4 43. Nf4 Bxb2 44.
Ne6 g6 45. Kc7 Bxa3 46. Kxb7 Bxc5 47. Kxc6 Be7 48. Nf4 a3 49. Ng2 a2 50. Ne3+ Kd3 51.
Nd5 Ba3 52. Nf6 h5 53. Nh7 a1=Q 54. Nf8 Qc3+ 55. Kb5 Bxf8 56. Ka4 Qb4# 0-1

[Event "Early-Titled-Tuesday-Blitz-July-09-2024"]
[Site "Chess.com"]
[Date "2024.07.09"]
[Round "10"]
[White "xh4823"]
[Black "Andrey-Ivanov2011"]
[Result "0-1"]
[WhiteElo "2314"]
[BlackElo "2190"]
[TimeControl "180+1"]
[EndTime "9:57:31 PDT"]
[Termination "Andrey-Ivanov2011 won on time"]

1. d4 Nf6 2. c4 g6 3. Nc3 d5 4. cxd5 Nxd5 5. g3 Bg7 6. Bg2 Nxc3 7. bxc3 O-O 8. e3 c5 9. Ne2 cxd4 10. cxd4 Nc6 11.
O-O Re8 12. f4 Bd7 13. Rb1 Qc7 14. Bd2 Rac8 15. Qb3 b6 16. Rfc1 Qb8 17. Nc3 e6 18. Ne4 f5 19. Ng5 h6 20. d5 Nd4 21. exd4 hxg5 22.
fxg5 Bxd4+ 23. Kh1 e5 24. Bb4 Kg7 25. Qa3 a5 26. Be7 Rxc1+ 27. Rxc1 Bc5 28. Bf6+ Kf7 29. Qb3 Qd6 30. Qc4 Rc8 31. Qh4 Rg8 32. Qh7+ Kf8 33. Re1 e4 34. h4 Qxg3 35. Rc1 Qd6 36. h5 gxh5 37. Qxh5 Bb5 38. Qh6+ Ke8 39. Qh7 Qf8 40. Bh3 Bd7 41. Bxf5 Bxf5 42. Qxf5 Rh8+ 43. Kg2 Qf7 44. Qe5+ Kd7 45. Bxh8 Qf3+ 0-1

[Event "Early-Titled-Tuesday-Blitz-July-09-2024"]
[Site "Chess.com"]
[Date "2024.07.09"]
[Round "10"]
[White "SharathRk6"]
[Black "deribas12345"]
[Result "0-1"]
[WhiteElo "2462"]
[BlackElo "2634"]
[TimeControl "180+1"]
[EndTime "9:57:32 PDT"]
[Termination "deribas12345 won by checkmate"]

1. e4 e6 2. d4 d5 3. e5 c5 4. c3 Qa5 5. Nf3 cxd4 6. Nxd4 Nc6 7. Nxc6 bxc6 8. Bd3 Ba6 9. O-O Ne7 10. Be3 Bxd3 11.
Qxd3 c5 12. Nd2 Nc6 13. f4 Rb8 14. b3 Be7 15. c4 Nb4 16. Qb1 g6 17. Rc1 O-O 18.
a3 Nc6 19. b4 cxb4 20. axb4 Qxb4 21. Qxb4 Nxb4 22. Rxa7 Rfe8 23. g3 d4 24. Bxd4 Nc6 25. Rd7 Nxd4 26. Rxd4 Bc5 27. Nf3 Rb3 28. Kg2 Rxf3 29. Kxf3 Bxd4 30. Ke4 Bc5 31. Ra1 Rc8 32. Ra6 h5 33. h3 Kg7 34. g4 h4 35. f5 gxf5+ 36.
gxf5 exf5+ 37. Kxf5 Bf2 38. Ra2 Bg3 39. Ra7 Rc5 40.
Re7 Kf8 41. Ra7 Bxe5 42. Kg4 Bg3 43. Ra4 Kg7 44. Kf3 Kg6 45. Kg2 f5 46. Kh1 Re5 47.
Kg2 Re2+ 48. Kh1 Rc2 49. Kg1 Kg5 50. c5 Bf2+ 51. Kh1 Bxc5 52. Ra5 Bd6 53. Ra4 Bg3 54. Kg1 f4 55. Ra5+ Kf6 56. Ra6+ Ke5 57. Ra5+ Kd4 58. Ra4+ Ke3 59. Ra3+ Ke2 60. Ra1 f3 61. Rf1 Ke3 62. Kh1 Rh2+ 63. Kg1 f2+ 64. Rxf2 Rxf2 65. Kh1 Kf3 66.
Kg1 Rd2 67. Kh1 Rd1# 0-1

[Event "Early-Titled-Tuesday-Blitz-July-09-2024"]
[Site "Chess.com"]
[Date "2024.07.09"]
[Round "10"]
[White "Individoom"]
[Black "snowlord"]
[Result "0-1"]
[WhiteElo "2758"]
[BlackElo "2920"]
[TimeControl "180+1"]
[EndTime "9:57:33 PDT"]
[Termination "snowlord won by checkmate"]

1. d4 c6 2. Nf3 Nf6 3. Bf4 Nh5 4.
Bd2 d5 5. c4 dxc4 6. e3 b5 7. a4 Nf6 8. b3 e6 9. bxc4 b4 10. a5 c5 11. Bd3 Be7 12. O-O O-O 13. Bc1 Bb7 14. Nbd2 Na6 15. Bb2 Rc8 16. Qe2 Nb8 17.
Rfd1 Qc7 18. Nb3 Nbd7 19. a6 Ba8 20. e4 cxd4 21. Nfxd4 Qf4 22. g3 Qh6 23. Nb5 Nc5 24. Nxc5 Bxc5 25. Bd4 Qg5 26. Bxc5 Qxc5 27. e5 Nd7 28.
Re1 Rfd8 29. Rad1 Qc6 30. Be4 Qxe4 31. Qxe4 Bxe4 32. Rxe4 Nc5 33. Ree1 Rxd1 34. Rxd1 Nxa6 35. Nxa7 Ra8 36. Nc6 g5 37. Rd7 b3 38. Rb7 Nc5 39.
Rb5 Kg7 40. Nd4 Nd3 41. Rxb3 Ra1+ 42. Kg2 Nxe5 43. Rb7 Kf6 44. c5 Rc1 45. Rc7 g4 46.
c6 h5 47. Rb7 Nd3 48. h3 e5 49. Nb5 Ne1+ 50. Kh2 Nf3+ 51. Kg2 Rg1# 0-1

[Event "Early-Titled-Tuesday-Blitz-July-09-2024"]
[Site "Chess.com"]
[Date "2024.07.09"]
[Round "10"]
[White "Bauman_Guy"]
[Black "Mops_2004"]
[Result "0-1"]
[WhiteElo "2931"]
[BlackElo "2742"]
[TimeControl "180+1"]
[EndTime "9:57:33 PDT"]
[Termination "Mops_2004 won by resignation"]

1. e4 g6 2. d4 Bg7 3. Nc3 d6 4. Nf3 a6 5. a4 Nc6 6. Bc4 Nf6 7. O-O O-O 8. h3 Nxe4 9. Bxf7+ Rxf7 10. Nxe4 d5 11. Nc3 h6 12. Re1 Bf5 13. Bf4 Bxh3 14.
Bxh6 Bxh6 15. gxh3 Qd7 16. Nh2 Bg7 17. Qg4 Qxg4+ 18. Nxg4 Nxd4 19. Nxd5 Nxc2 20. Nxc7 Rc8 21. Nd5 Nxa1 22. Rxa1 e6 23. Nde3 Bxb2 24. Rd1 Rc1 25.
Nh6+ Kg7 26. Rxc1 Bxc1 27. Nxf7 Kxf7 28. Nc4 Ke7 29. Kf1 b5 30. axb5 axb5 31. Na5 Kd6 32. Ke2 Ba3 33. Nb3 Kd5 34. Kd3 Bc5 35. f3 b4 36. Nd2 Be7 37. Nc4 Bf8 38. Nb6+ Kc6 39.
Nc4 Bg7 40. Na5+ Kd5 41. Nb3 Ke5 42. Ke3 Bh6+ 43. Ke2 Bg5 44. Nc5 Kd5 45. Nb3 Kc4 46.
Na5+ Kc3 47. f4 Bxf4 48. Kf3 Bc7 49. Nb7 b3 50. Nc5 b2 51. Na4+ Kb3 52. Nxb2 Kxb2 53.
Kg4 Bd8 54. Kf4 Bf6 0-1

[Event "Early-Titled-Tuesday-Blitz-July-09-2024"]
[Site "Chess.com"]
[Date "2024.07.09"]
[Round "10"]
[White "NikitaShnadrygin"]
[Black "bilosuvenosu06"]
[Result "1-0"]
[WhiteElo "2730"]
[BlackElo "2556"]
[TimeControl "180+1"]
[EndTime "9:57:39 PDT"]
[Termination "NikitaShnadrygin won by resignation"]

1. e4 c5 2. Nf3 Nc6 3. d4 cxd4 4. Nxd4 g6 5. Nc3 Bg7 6. Be3 Nf6 7. Nxc6 bxc6 8. e5 Ng8 9. f4 d6 10. Bc4 d5 11. Bb3 f6 12. Bd4 fxe5 13. fxe5 Nh6 14. O-O Nf5 15. Kh1 O-O 16. Bc5 Qa5 17. Nxd5 Qxc5 18.
Nc7+ Kh8 19. Nxa8 Ba6 20. Rxf5 Rxf5 21. Nc7 Qxe5 22. Nxa6 Qxb2 23. Rb1 Qc3 24. Nc7 Qe5 25. Ne6 Qd6 26. Qxd6 exd6 27. Nxg7 Kxg7 28. Kg1 d5 29.
Rf1 Re5 30. Rd1 a5 31. c4 dxc4 32. Bxc4 Rc5 33. Bb3 Re5 34. Rd6 Rc5 35. Kf2 Rc3 36.
Rd4 Rc1 37. Rc4 Rh1 38. Rxc6 Rxh2 39. Ra6 Rh5 40. g4 Rc5 41. Kf3 Kh6 42. Kf4 Rb5 43. Ra7 Rb4+ 44. Kf3 Rb5 45. Kg3 Rc5 46. Kh4 Re5 47. Kg3 Rc5 48. Bg8 Kg5 49. Bb3 Rc3+ 50. Kf2 Kxg4 51. Rxh7 Rd3 52. Rg7 a4 53. Rxg6+ Kf5 54. Bc2 Kxg6 55. Bxd3+ Kf6 56. Ke3 Ke5 57. Kd2 Kd4 58. Be2 a3 59. Kc2 Ke3 60. Ba6 Kd4 61. Kb3 Kc5 62. Kxa3 Kb6 63. Bf1 Kc5 64. Kb3 Kb6 65. a4 Ka5 66. Ka3 Kb6 67. Kb4 Ka7 68. a5 Kb7 69. Kb5 Ka7 70. a6 Kb8 71. Kb6 Ka8 72.
Bg2+ Kb8 73. a7+ Kc8 74. a8=Q+ Kd7 75. Qc6+ 1-0

[Event "Early-Titled-Tuesday-Blitz-July-09-2024"]
[Site "Chess.com"]
[Date "2024.07.09"]
[Round "10"]
[White "BardArtem"]
[Black "Lion-Al-Messi"]
[Result "1-0"]
[WhiteElo "2824"]
[BlackElo "2672"]
[TimeControl "180+1"]
[EndTime "9:57:41 PDT"]
[Termination "BardArtem won by checkmate"]

1. e4 e6 2. d4 d5 3. Nc3 Nf6 4. e5 Nfd7 5. f4 c5 6. dxc5 Bxc5 7. Qg4 g6 8. Nf3 Nc6 9. a3 h5 10. Qg3 h4 11. Qh3 Qb6 12. Bd3 Bf2+ 13. Kf1 Be3 14.
Na4 Qa5 15. Bxe3 Qxa4 16. Rd1 b6 17. Kf2 Nc5 18. Rhe1 Nxd3+ 19. cxd3 Ba6 20. Kg1 Qc2 21. Rc1 Qxb2 22. Rxc6 Qxa3 23. Rec1 Qxd3 24. Ng5 Qf5 25. Qxf5 gxf5 26. Ra1 Bc4 27. Bxb6 a6 28. Rc7 O-O 29. Kf2 Rab8 30. Rb1 a5 31. Ra7 Rfc8 32. Rb2 Bd3 33. Nxf7 Rc6 34. Nh6+ Kh8 35. Bd4 Rxb2+ 36. Bxb2 Rc2+ 37.
Ke3 Rxb2 38. Kxd3 Rxg2 39. Nf7+ Kg8 40. Ng5 Rxh2 41. Nxe6 h3 42. Ra8+ Kh7 43. Ng5+ Kg7 44. e6 Rh1 45. e7 Rd1+ 46. Ke2 h2 47. e8=Q Re1+ 48. Kxe1 h1=Q+ 49. Kd2 Qh2+ 50. Qe2 Qxf4+ 51. Qe3 Qb4+ 52. Ke2 Qg4+ 53. Nf3 Qc4+ 54. Kf2 Qc6 55.
Qg5+ Kf7 56. Ra7+ Ke8 57. Qe7# 1-0

[Event "Early-Titled-Tuesday-Blitz-July-09-2024"]
[Site "Chess.com"]
[Date "2024.07.09"]
[Round "10"]
[White "jaskol95"]
[Black "masterofpuppets2"]
[Result "0-1"]
[WhiteElo "2651"]
[BlackElo "2508"]
[TimeControl "180+1"]
[EndTime "9:57:42 PDT"]
[Termination "masterofpuppets2 won by checkmate"]

1. e4 c6 2. d4 d5 3. f3 dxe4 4.
fxe4 e5 5. Nf3 Bg4 6. Bc4 Nd7 7.
c3 b5 8. Bb3 Bd6 9. O-O Ngf6 10. Bg5 O-O 11. Nbd2 Qc7 12. h3 Bxf3 13. Qxf3 c5 14. a4 c4 15. Bc2 b4 16. Rae1 Rab8 17.
Qe2 bxc3 18. bxc3 Rb2 19. Nf3 Nh5 20. Rf2 Ng3 21. Qe3 f6 22. Bh4 Nh5 23. Bd1 Rxf2 24. Bxf2 Nf4 25. Bg3 Nd3 26. Rf1 exd4 27. Bxd6 Qxd6 28.
Nxd4 Re8 29. Bh5 g6 30. Be2 N7c5 31. Nb5 Qb6 32. Qd4 Rxe4 33. Qd5+ Kg7 34. Bf3 Re7 35.
Kh1 Nf4 36. Nd4 Nxd5 37. Bxd5 Nd3 38. Bxc4 Ne5 39. Bd5 Qd6 40. Be4 f5 41. Bxf5 Rf7 42. Bd3 Rxf1+ 43. Bxf1 Kh8 44. Be2 Qc5 45. Nb5 a6 46.
Nd4 Qxc3 47. Ne6 Qe1+ 48. Kh2 Qxe2 49. Ng5 h6 50. Ne6 Nf3+ 51. Kg3 Qxe6 52. gxf3 Kg7 53.
a5 Kf6 54. f4 Kf5 55. Kh4 g5+ 56. Kh5 Qg6# 0-1

[Event "Early-Titled-Tuesday-Blitz-July-09-2024"]
[Site "Chess.com"]
[Date "2024.07.09"]
[Round "10"]
[White "FARIZA2018"]
[Black "GM_Huschenbeth"]
[Result "1-0"]
[WhiteElo "2639"]
[BlackElo "2517"]
[TimeControl "180+1"]
[EndTime "9:57:43 PDT"]
[Termination "FARIZA2018 won on time"]

1. e4 c5 2. Nf3 d6 3. d4 cxd4 4. Nxd4 Nf6 5. Nc3 a6 6. Be2 e5 7. Nb3 Be7 8. O-O O-O 9. Qd3 Be6 10. Bd2 Nc6 11. Nd5 a5 12. a4 Bxd5 13. exd5 Nb4 14. Bxb4 axb4 15. a5 Qd7 16. Rfd1 Rfc8 17. Nd2 Rc5 18.
Ne4 Rcxa5 19. Rxa5 Rxa5 20. Nxf6+ Bxf6 21. Qe4 b3 22.
cxb3 Rc5 23. b4 Rc7 24. Bd3 g6 25. h4 h5 26. b5 Kg7 27. b6 Rc5 28. b4 Rc3 29.
Qe1 Qc8 30. g3 Bd8 31. Qe3 Qg4 32. Be2 Qxb4 33. Qd2 Bxb6 34. Kg2 Qe4+ 35. f3 Qe3 36. Qxe3 Rxe3 37. Bd3 Bc5 38. Rd2 f5 39. Rd1 Kf6 40.
Rd2 b6 41. Rd1 e4 42. fxe4 fxe4 43. Bb5 Ke5 44. Be8 Re2+ 45. Kh3 Kf6 46. Ra1 e3 47. Ra7 Rf2 48. Rf7+ Ke5 49. Re7+ Kxd5 50. Bxg6 e2 51. Bd3 Rf3 52. Be4+ Kd4 53. Bxf3 1-0

[Event "Early-Titled-Tuesday-Blitz-July-09-2024"]
[Site "Chess.com"]
[Date "2024.07.09"]
[Round "10"]
[White "andy07670"]
[Black "esskeettit"]
[Result "1/2-1/2"]
[WhiteElo "2437"]
[BlackElo "2526"]
[TimeControl "180+1"]
[EndTime "9:57:43 PDT"]
[Termination "Game drawn - insufficient material"]

1. e4 c5 2. Nf3 Nc6 3. d4 cxd4 4.
Nxd4 g6 5. Nc3 Bg7 6. Be3 Nf6 7. Be2 d5 8. Nxc6 bxc6 9. e5 Nd7 10. f4 Qc7 11. O-O O-O 12. Na4 f6 13. exf6 Nxf6 14. c3 Bf5 15. Nc5 e5 16. fxe5 Qxe5 17. Bd4 Qd6 18.
Bf3 Rae8 19. Qd2 Ne4 20. Bxe4 Bxe4 21. Bxg7 Kxg7 22. Rxf8 Qxf8 23. Qd4+ Qf6 24. Re1 Qxd4+ 25. cxd4 Kf6 26. Re2 h5 27. h3 g5 28. a3 g4 29.
hxg4 hxg4 30. g3 Kf5 31. b4 Rh8 32. Kf2 Rh2+ 33. Ke3 Rh3 34. Kf2 Bf3 35. Re5+ Kf6 36. Nd7+ Kf7 37. Ke3 Rxg3 38. Kf4 Rh3 39. Rg5 Rh6 40.
Ne5+ Ke7 41. Nxf3 gxf3 42. Kxf3 Rh3+ 43. Rg3 Rh2 44. Kf4 Kd6 45. Rg6+ Kc7 46. Rg7+ Kb6 47. Rg3 a5 48. Ke5 axb4 49. axb4 Kb5 50. Kd6 Re2 51.
Rc3 Re4 52. Rxc6 Rxd4 53. Rc5+ Kxb4 54. Rxd5 Rxd5+ 55. Kxd5 1/2-1/2

[Event "Early-Titled-Tuesday-Blitz-July-09-2024"]
[Site "Chess.com"]
[Date "2024.07.09"]
[Round "10"]
[White "Twinstulle"]
[Black "KhamzinOlzhas"]
[Result "1/2-1/2"]
[WhiteElo "2343"]
[BlackElo "2531"]
[TimeControl "180+1"]
[EndTime "9:57:43 PDT"]
[Termination "Game drawn by repetition"]

1. Nf3 Nf6 2. g3 g6 3. Bg2 Bg7 4. c4 O-O 5. O-O d6 6. Nc3 c6 7.
d3 e5 8. Rb1 a5 9. a3 Nbd7 10.
b4 d5 11. cxd5 cxd5 12. Bg5 h6 13. Bxf6 Nxf6 14. Nxe5 d4 15. Nb5 Nd5 16. Nc4 axb4 17. Bxd5 Qxd5 18. Nc7 Qc6 19. Nxa8 Bh3 20. f3 Bxf1 21.
Kxf1 Rxa8 22. Rxb4 b5 23. Nd2 Rxa3 24. Kf2 Bf8 25. Rb1 Qe6 26. Rxb5 Qe3+ 27. Kf1 Ra2 28. Nc4 Qe6 29. Rb2 Qh3+ 30. Kg1 Ra7 31. Rb8 Kg7 32. Qb1 Be7 33. Rb7 Rxb7 34. Qxb7 Qe6 35. Kf1 Bf6 36. Qe4 Qh3+ 37. Kg1 Qc8 38. Kg2 Qc7 39. f4 h5 40. h3 h4 41. g4 Qa5 42.
Ne5 Qe1 43. Qf3 Bd8 44. f5 Bf6 45. Nd7 Bg5 46. fxg6 fxg6 47. Qf8+ Kh7 48. Qf7+ Kh6 49. Qf8+ Kh7 50. Nf6+ Bxf6 51. Qxf6 Qxe2+ 52. Kg1 Qe3+ 53. Qf2 Qxd3 54. Qxh4+ Kg7 55. Qe7+ Kh6 56. Qh4+ Kg7 57. Qe7+ Kg8 58. Qe8+ Kg7 59. Qe7+ 1/2-1/2

[Event "Early-Titled-Tuesday-Blitz-July-09-2024"]
[Site "Chess.com"]
[Date "2024.07.09"]
[Round "10"]
[White "chess_blitz00"]
[Black "rhungaski"]
[Result "1-0"]
[WhiteElo "2535"]
[BlackElo "2635"]
[TimeControl "180+1"]
[EndTime "9:57:45 PDT"]
[Termination "chess_blitz00 won by resignation"]

1. Nf3 Nf6 2. b3 g6 3. Bb2 Bg7 4. e3 O-O 5. Be2 d6 6. O-O e5 7. c4 Qe7 8. d3 Nbd7 9. Nc3 Re8 10. Qc2 b6 11. Rac1 Bb7 12. Rfd1 a5 13. Qb1 h6 14. Qa1 c6 15. e4 Nh5 16. Bf1 c5 17.
Qb1 Nf8 18. a3 Ne6 19. Nd5 Qd8 20. b4 axb4 21. axb4 Bc6 22. b5 Bd7 23. Qc2 Nef4 24.
Ne3 f5 25. g3 fxe4 26. dxe4 Ne6 27. Rxd6 Qc7 28. Qd1 Rad8 29. Nd5 Qxd6 30. Nf6+ Nxf6 31. Qxd6 Nxe4 32. Qxb6 Nd4 33. Nxd4 cxd4 34. Qxg6 Nd2 35. Bd3 e4 36. Bxd4 Nf3+ 37. Kg2 Nxd4 38. Bxe4 Be6 39.
Bd5 Rxd5 40. cxd5 Bxd5+ 41. Kh3 Be6+ 42. g4 Bf7 43. Qd3 h5 44. gxh5 Be6+ 45. Kg3 Bf5 46. Qc4+ Kh8 47. Rd1 Be5+ 48. f4 Ne2+ 49. Qxe2 Bxf4+ 50. Kxf4 Rxe2 51. Kxf5 Rb2 52. Rd5 Rxh2 53. Ke6 Rb2 54.
Kd6 Kg7 55. Kc6 Rc2+ 56. Rc5 Re2 57. b6 Re6+ 58. Kb5 Kf6 59. b7 1-0